Map: Babylon LE

Players

MrSLOW - Winner!

  • Race: Terran Terran
  • League: Platinum
  • Spawn Location: 11:00

Silvety

  • Race: Protoss Protoss
  • League: Platinum
  • Spawn Location: 5:00

VOD

Have the link to the VOD?

Description

Time

  • Played on: April 14, 2023, 11:02 a.m.
  • Length: 9:40
Show
View Real Time Build Order
Export as new Build Order

MrSLOW Terran - Winner!

Build Orders: Liberator Opening, Reaper Expand 

Get SALT Encoding   

  12  0:00  SCV  
  13  0:12  SCV  
  14  0:17  Supply Depot  
  14  0:24  SCV  
  15  0:39  SCV  
  15  0:40  Barracks  
  16  0:45  Refinery  
  16  0:51  SCV  
  17  1:03  SCV  
  18  1:15  SCV  
  19  1:27  Orbital Command  
  19  1:33  Reaper  
  20  1:51  Command Center  
  20  1:58  SCV  
  21  2:05  Marine  
  21  2:07  Supply Depot  
  22  2:16  Factory  
  22  2:19  SCV  
  23  2:28  Refinery, Barracks Reactor  
  23  2:32  SCV  
  24  2:44  SCV  
  24  3:00  Factory Tech Lab  
  24  3:04  Marine x2, Starport  
  26  3:05  Orbital Command  
  26  3:07  SCV, Bunker  
  27  3:20  SCV  
  27  3:22  Marine x2  
  29  3:31  SCV  
  29  3:32  SCV  
  31  3:38  Cyclone  
  34  3:43  SCV  
  34  3:44  SCV  
  36  3:55  Liberator, SCV  
  37  3:56  Supply Depot  
  40  4:08  SCV  
  41  4:16  SCV  
  42  4:18  Marine x2  
  42  4:20  Siege Tank, SCV  
  48  4:28  SCV  
  48  4:30  Supply Depot  
  49  4:32  SCV  
  49  4:37  Marine x2  
  52  4:40  SCV  
  52  4:45  Starport Tech Lab, SCV  
  54  4:47  Command Center  
  54  4:52  SCV  
  55  4:57  SCV  
  59  5:00  Siege Tank, Marine  
  59  5:01  Marine  
  59  5:04  SCV  
  62  5:18  Barracks  
  62  5:19  Barracks  
  62  5:34  Supply Depot  
  62  5:37  Supply Depot  
  62  5:41  Starport Reactor, Refinery  
  62  5:43  Refinery  
  62  5:44  Engineering Bay  
  62  5:45  Engineering Bay  
  62  5:53  Barracks  
  62  5:55  Barracks  
  62  5:56  Marine, SCV x2, Factory Tech Lab  
  65  5:59  Supply Depot  
  65  6:01  Supply Depot  
  66  6:08  SCV x2  
  68  6:12  Orbital Command  
  68  6:18  Terran Infantry Weapons Level 1, Terran Infantry Armor Level 1  
  67  6:20  SCV x2  
  67  6:21  Siege Tank  
  67  6:23  Medivac x2  
  76  6:35  Combat Shield  
  76  6:36  Stimpack  
  76  6:40  Marine x3  
  76  6:41  Marine  
  76  6:43  Barracks Reactor  
  80  6:47  Barracks Reactor  
  80  6:58  Marine x4  
  76  7:16  Marine x4  
  76  7:20  Viking  
  76  7:21  Marine, Viking  
  76  7:22  Marine  
  86  7:23  SCV  
  86  7:25  Marine x2  
  89  7:34  Marine x4  
  93  7:39  Marine x2  
  93  7:41  Armory  
  93  7:42  Siege Tank  
  93  7:43  Marine x2  
  100  7:50  Medivac  
  100  7:51  Medivac, Marine  
  104  7:52  Marine x2  
  107  7:58  Marine  
  107  7:59  Marine  
  109  8:05  Marine  
  109  8:08  Marine x2  
  109  8:09  Marine x2  
  109  8:10  Marine  
  113  8:16  Marine x2  
  114  8:20  Orbital Command  
  114  8:23  Marine  
  114  8:26  Marine x2  
  117  8:32  Medivac, Siege Tank, Marine x3  
  125  8:42  Supply Depot  
  125  8:44  Supply Depot  
  125  9:02  Marine  
  125  9:04  Medivac, Marine x5, Marauder  
  125  9:05  Marauder  
  132  9:19  Marine  
  132  9:22  Marine x5  
Show
View Real Time Build Order
Export as new Build Order

Silvety Protoss 

Build Orders: 1 Gate Expand, Blink Stalkers 

Get SALT Encoding   

  12  0:01  Probe  
  13  0:13  Probe  
  14  0:19  Pylon  
  14  0:25  Probe  
  15  0:38  Gateway  
  15  0:39  Probe (Chrono Boost)  
  16  0:48  Probe (Chrono Boost)  
  17  0:53  Probe (Chrono Boost)  
  18  1:02  Assimilator  
  18  1:05  Probe  
  19  1:17  Probe  
  20  1:26  Cybernetics Core  
  20  1:36  Nexus  
  20  1:44  Pylon  
  20  1:50  Assimilator  
  20  1:56  Probe  
  20  2:01  Adept (Chrono Boost)  
  21  2:05  Warp Gate  
  23  2:09  Probe  
  24  2:17  Pylon  
  24  2:21  Probe  
  25  2:24  Stalker  
  27  2:33  Probe  
  28  2:48  Probe (Chrono Boost)  
  29  2:57  Probe x2 (Chrono Boost)  
  31  2:59  Twilight Council  
  31  3:01  Stalker  
  31  3:04  Probe (Chrono Boost)  
  35  3:10  Probe (Chrono Boost)  
  35  3:30  Blink (Chrono Boost)  
  35  3:31  Probe x2  
  37  3:42  Gateway  
  37  3:47  Robotics Facility  
  37  3:49  Gateway  
  37  3:51  Gateway  
  37  3:55  Stalker  
  39  4:16  Probe x2  
  39  4:27  Stalker  
  39  4:28  Probe (Chrono Boost)  
  39  4:31  Probe (Chrono Boost)  
  44  4:40  Probe (Chrono Boost)  
  44  4:44  Probe (Chrono Boost), Assimilator  
  45  4:46  Assimilator, Nexus  
  45  4:49  Pylon  
  45  4:55  Probe (Chrono Boost)  
  47  5:04  Probe x2 (Chrono Boost)  
  50  5:09  Probe (Chrono Boost)  
  50  5:10  Probe  
  50  5:12  Observer, Pylon  
  46  5:22  Probe  
  46  5:25  Probe  
  48  5:31  Charge (Chrono Boost)  
  48  5:33  Warp Prism  
  50  5:37  Probe  
  51  5:43  Stalker x3  
  51  5:44  Stalker  
  51  5:49  Probe  
  60  5:53  Pylon  
  60  5:57  Pylon  
  60  6:01  Probe  
  61  6:08  Gateway  
  61  6:10  Gateway  
  61  6:14  Probe  
  62  6:21  Stalker x3  
  62  6:22  Stalker  
  70  6:35  Probe (Chrono Boost)  
  70  6:39  Probe (Chrono Boost)  
  72  6:44  Probe (Chrono Boost)  
  72  6:46  Stalker x3  
  72  6:47  Stalker  
  81  6:49  Probe (Chrono Boost)  
  77  7:01  Probe  
  71  7:13  Probe  
  64  7:22  Stalker x3  
  66  7:23  Stalker x3  
  66  7:27  Robotics Bay  
  66  7:29  Robotics Facility  
  76  7:39  Probe (Chrono Boost)  
  76  7:43  Assimilator  
  79  7:46  Probe x2 (Chrono Boost), Assimilator  
  79  7:48  Probe (Chrono Boost)  
  80  7:52  Zealot x2  
  80  7:53  Probe x3 (Chrono Boost), Zealot x3  
  93  8:04  Probe  
  93  8:05  Probe x2  
  94  8:18  Observer  
  94  8:19  Zealot x6  
  94  8:22  Colossus  
  100  8:28  Probe  
  101  8:40  Nexus  
  101  8:42  Pylon  
  101  8:55  Pylon  
  101  8:56  Pylon  
  101  8:58  Pylon  
  59  9:25  Zealot x2  
  59  9:30  Zealot  
  59  9:31  Zealot x2  
Tags
 
Add a new tag
Caveats
  • Supply blocks, unpowered buildings, or Contaminate may cause inaccurate times.
  • Supply counts are checked every 10 seconds.